 Dungeon Crawl Stone Soup version 0.26.1-10-gdfb7c7de75 (webtiles) character file.

Game seed: 10992868240137712503

34 nightchill the Gusty (level 3, 0/20 HPs)
             Began as a Tengu Air Elementalist on Apr 9, 2021.
             Slain by Sigmund
             ... wielding a +0 scythe
              (2 damage)
             ... on level 2 of the Dungeon on Apr 11, 2021.
             The game lasted 00:05:43 (1700 turns).

nightchill the Gusty (Tengu Air Elementalist)       Turns: 1700, Time: 00:05:44

Health: 0/20       AC:  2    Str:  8    XL:     3   Next: 31%
Magic:  2/7        EV: 12    Int: 16    God:
Gold:   47         SH:  0    Dex: 14    Spells: 5/6 levels left

rFire    . . .     SeeInvis .   g - +0 whip
rCold    . . .     Faith    .   (no shield)
rNeg     . . .     Spirit   .   a - +0 robe
rPois    .         Reflect  .   (helmet restricted)
rElec    .         Harm     .   (no cloak)
rCorr    .         Rampage  .   (no gloves)
Will     .....                  (boots unavailable)
Stlth    +.........             (no amulet)
HPRegen  0.06/turn              (no ring)
MPRegen  0.10/turn              (no ring)

@: confused, mighty, brilliant, hasted, very quick
A: beak, talons 3
a: no special abilities


You were on level 2 of the Dungeon.
You visited 1 branch of the dungeon, and saw 2 of its levels.

You collected 47 gold pieces.

Inventory:

Hand Weapons
 f - a +0 hand axe
 g - a +0 whip (weapon)
Armour
 a - a +0 robe (worn)
Jewellery
 d - an uncursed ring of fire {unknown}
Scrolls
 c - a scroll of random uselessness {unknown}
 e - a scroll of teleportation {unknown}
 i - a scroll of amnesia {unknown}
 j - a scroll of immolation {unknown}


   Skills:
 + Level 1.0 Fighting
 - Level 2.1 Dodging
 - Level 2.0 Stealth
 + Level 2.2 Spellcasting
 * Level 2.6 Conjurations
 * Level 4.6 Air Magic


You had 5 spell levels left.
You knew the following spells:

 Your Spells              Type           Power        Failure   Level
a - Shock                 Conj/Air       80%          4%          1

Your spell library contained the following spells:

 Spells                   Type           Power        Failure   Level
 Swiftness                Air            24%          4%          2
 Static Discharge         Conj/Air       20%          14%         3
 Airstrike                Air            12%          30%         4
 Lightning Bolt           Conj/Air       10%          77%         5


Dungeon Overview and Level Annotations

Branches:
Dungeon (2/15)

Altars:

Annotations:
D:2 Sigmund


Innate Abilities, Weirdness & Mutations

You have a beak for a mouth.
You have claws for feet.


Message History

Sigmund points at you and mumbles some strange words.
The puff of flame hits you.
* * * LOW HITPOINT WARNING * * *
It was a potion of haste.
You feel yourself speed up.
You're too confused to move!
It was a potion of might.
You feel very mighty all of a sudden.
You're too confused to cast spells.
You are too confused!
Sigmund laughs darkly.
Sigmund gestures at you while chanting. The magic dart hits you!
* * * LOW HITPOINT WARNING * * *
Sigmund casts a spell at you.
You are more confused.
You bump into the translucent rock wall.
Sigmund closely misses you.
You're too confused to move!
Sigmund hits you from afar with a +0 scythe.
You die...

....... #...
##....... ####
##........ #..#
#..## #...##
#...@###############
###..####...###..)##
#@.###....###....#
#..###....###....#
#..##..#...#...#..
##..#..##...†.##..
##)...###...###..
##...###...###..
#######...#####
#######


You could see Sigmund.

Vanquished Creatures
  2 dart slugs (D:1)
  3 bats (D:1)
  A giant cockroach (D:1)
  2 goblins (D:1)
  5 hobgoblins (D:1)
  3 jackals (D:1)
  2 frilled lizards (D:1)
  5 kobolds
  8 rats
31 creatures vanquished.

Notes
Turn   | Place    | Note
-------+----------+-------------------------------------------
     0 | D:1      | nightchill the Tengu Air Elementalist began the quest for
                  | the Orb.
     0 | D:1      | Reached XP level 1. HP: 10/10 MP: 4/4
   372 | D:1      | Reached XP level 2. HP: 16/16 MP: 1/6
  1092 | D:1      | Reached XP level 3. HP: 20/20 MP: 2/7
  1207 | D:1      | Reached skill level 1 in Fighting
  1676 | D:2      | Noticed Sigmund
  1700 | D:2      | Slain by Sigmund

Illustrated notes

Levels and vault maps discovered:
D:1:      dpeg_arrival_brainrot, layout_loops_ring
D:2:      layout_basic, chequers_temple_overflow_statue_of_worship,
          fedhas_altar_1, hangedman_glass_teeth, uniq_sigmund

Skill      XL: |  1  2  3 |
---------------+----------+-----
Conjurations   | 2 |  2.6
Fighting       | 1 |  1.0
Dodging        | |  2.1
Stealth        | |  2.0
Spellcasting   | |  2.2
Air Magic      | |  4.6

Action                   || total
-------------------------++-------
Melee: Whip              ||     6
       Kick              ||     2
 Cast: Shock             ||    83
  Use: Potion            ||     3
Dodge: Dodged            ||    12
